 Dungeon Crawl Stone Soup version 0.26-a0-708-g17f3b190f9 (webtiles) character file.

Game seed: 17035475978741048076

88 Sin92 the Skirmisher (level 4, 0/35 HPs)
             Began as a Demonspawn Fighter on Oct 29, 2020.
             Killed by divine providence
             ... invoked by an orc priest
              (11 damage)
             ... on level 3 of the Dungeon.
             The game lasted 00:02:29 (1835 turns).

Sin92 the Skirmisher (Demonspawn Fighter)           Turns: 1835, Time: 00:02:30

Health: 0/35       AC:  9    Str: 17    XL:     4   Next: 30%
Magic:  4/4        EV:  7    Int:  9    God:
Gold:   133        SH:  9    Dex: 13    Spells: 3/3 levels left

rFire    . . .     SeeInvis .   a - +0 long sword
rCold    + . .     Faith    .   c - +0 kite shield
rNeg     . . .     Spirit   .   e - +0 scale mail (curse)
rPois    .         Reflect  .   i - +0 helmet
rElec    .         Harm     .   (no cloak)
rCorr    .         Rampage  .   (no gloves)
MR       .....                  r - +0 pair of boots
Stlth    ..........             (no amulet)
HPRegen  0.11/turn              p - ring of protection from cold
MPRegen  0.09/turn              (no ring)

@: no status effects
A: hooves 2, powered by pain 1
a: no special abilities


You were on level 3 of the Dungeon.
You visited 1 branch of the dungeon, and saw 3 of its levels.

You collected 133 gold pieces.

Inventory:

Hand Weapons
 a - a +0 long sword (weapon)
Armour
 c - a +0 kite shield (worn)
 e - a cursed +0 scale mail (worn)
 i - a +0 helmet (worn)
 r - a +0 pair of boots (worn)
Jewellery
 p - a ring of protection from cold (left hand)
Scrolls
 f - 5 scrolls of remove curse {unknown}
 h - 2 scrolls of teleportation {unknown}
 j - a scroll of immolation {unknown}
 n - 3 scrolls of identify {unknown}
Potions
 b - a potion of degeneration {unknown}
 d - a potion of might
 g - a potion of brilliance {unknown}
 k - a potion of flight {unknown}
 l - a potion of magic {unknown}
 m - 2 potions of haste {unknown}
 o - 2 potions of curing {unknown}
 q - a potion of heal wounds {unknown}
 s - 2 potions of mutation {unknown}
 t - a potion of berserk rage {unknown}


   Skills:
 + Level 3.4 Fighting
 * Level 2.8 Long Blades
 + Level 3.1 Armour
 + Level 1.1 Dodging
 + Level 3.0 Shields


You had 3 spell levels left.
You didn't know any spells.
Your spell library contained the following spells:

 Spells                   Type           Power        Failure   Level
 Animate Skeleton         Necr           #.....       99%         1
 Apportation              Tloc           #.....       99%         1
 Corona                   Hex            #......      99%         1
 Summon Small Mammal      Summ           #...         99%         1


Dungeon Overview and Level Annotations

Branches:
Dungeon (3/15)

Altars:


Innate Abilities, Weirdness & Mutations

You have hoof-like feet.
You sometimes gain a little power by taking damage.


Message History

You block the orc's attack.
The orc priest looks satisfied for a moment.
You block the orc's attack.
You hit the orc.
You kill the orc!
The orc priest hits you but does no damage. x2
Unknown command.
The orc priest barely misses you.
Things that are here:
a +0 ring mail; an orc corpse You hit the orc priest but do no damage.
You block the orc priest's attack.
You hit the orc priest.
The orc priest is lightly wounded.
The orc priest hits you with a +0 falchion.
You closely miss the orc priest.
The orc priest is lightly wounded.
The orc priest mumbles some strange prayers to Beogh against you.
Beogh smites you!
You die...

...... ### #.###...##
.... ..# #.# ##.### ..
#.# #.####.##. ..##.####
#.##...##. .$....#
#.##.####. # ##.##.#
#.##.# #. ... #.....#
#.##.# #.
.....##.....###.##.####.
#.....o@................
........................
...................#####
......#####.########
#...## #.# #... #.# ##.
#.# # $.


You could see an orc priest.

Vanquished Creatures
  2 adders
  An ooze (D:3)
  3 dart slugs
  2 orcs (D:3)
  6 bats
  5 giant cockroaches
  5 goblins
  3 hobgoblins
  10 jackals
  6 kobolds
  A quokka (D:2)
  A ball python (D:1)
  2 frilled lizards (D:2)
  5 rats
52 creatures vanquished.

Notes
Turn   | Place    | Note
-------+----------+-------------------------------------------
     0 | D:1      | Sin92 the Demonspawn Fighter began the quest for the Orb.
     0 | D:1      | Reached XP level 1. HP: 18/18 MP: 1/1
   273 | D:1      | Gained mutation: You sometimes gain a little power by
                  | taking damage. [demonic ancestry]
   273 | D:1      | Reached XP level 2. HP: 24/24 MP: 2/2
   806 | D:2      | Gained mutation: You have large cloven feet. [demonic
                  | ancestry]
   806 | D:2      | Reached XP level 3. HP: 29/29 MP: 3/3
  1173 | D:2      | Found a faded altar of an unknown god.
  1534 | D:3      | Reached skill level 1 in Dodging
  1534 | D:3      | Gained mutation: You have hoof-like feet. [demonic
                  | ancestry]
  1534 | D:3      | Reached XP level 4. HP: 33/35 MP: 4/4
  1835 | D:3      | Killed from afar by an orc priest

Illustrated notes

Levels and vault maps discovered:
D:1:      minmay_arrival_widening_spiral_wide, layout_loops_cross
D:2:      layout_basic, chequers_ecumenical_altar_simple_redux,
          kennysheep_generic_room_8
D:3:      layout_loops_ring

Skill      XL: |  1  2  3 |
---------------+----------+-----
Long Blades    | 2 |  2.8
Armour         | 3 |  3.1
Shields        | 3 |  3.0
Dodging        | 1 |  1.1
Fighting       | |  3.4

Action                   |  1- 3 |  4- 6 || total
-------------------------+-------+-------++-------
Melee: Long sword        |   139 |    33 ||   172
       Kick              |    17 |       ||    17
Armor: Scale mail        |    66 |    17 ||    83
Dodge: Dodged            |    53 |     6 ||    59
Block: Kite shield       |    80 |    17 ||    97
       Rpst.: Long sword |    21 |     1 ||    22

Table legend: (Time is in decaauts)
 A = Elapsed time spent in this place.
 B = Non-inter-level travel time spent in this place.
 C = Inter-level travel time spent in this place.
 D = Time resting spent in this place.
 E = Time spent auto-exploring this place.
 F = Levels seen in this place.
 G = Mean time per level.
                   A        B        C        D        E       F      G
               +--------+--------+--------+--------+--------+-----+--------+
         Total |   1895 |   1831 |     64 |      0 |   1416 |   3 |  631.7 |
       Dungeon |   1895 |   1831 |     64 |      0 |   1416 |   3 |  631.7 |
               +--------+--------+--------+--------+--------+-----+--------+

Top non-repeatable levels by time:
     D:2: 796 daAuts
     D:1: 776 daAuts
     D:3: 323 daAuts
